 Dungeon Crawl Stone Soup version 0.21-a0-104-g7b58145 (webtiles) character file.

100 Ijustatesigmund the Skirmisher (level 4, -2/49 HPs)
             Began as an Ogre Hunter on July 5, 2017.
             Slain by a kobold
             ... wielding a +0 short sword
              (4 damage)
             ... on level 3 of the Dungeon.
             The game lasted 00:05:44 (2629 turns).

Ijustatesigmund the Skirmisher (Ogre Hunter)        Turns: 2629, Time: 00:05:44

Health: -2/49      AC:  5    Str: 16    XL:     4   Next: 74%
Magic:  4/4        EV: 10    Int: 12    God:
Gold:   71         SH:  0    Dex: 10    Spells: 3/3 levels left

rFire    . . .     SeeInvis .   m - -1 quarterstaff (curse)
rCold    . . .     Gourm    .   (shield currently unavailable)
rNeg     . . .     Faith    .   b - +2 robe {MR+}
rPois    .         Spirit   .   (helmet restricted)
rElec    .         Reflect  .   (no cloak)
rCorr    .         Harm     .   (gloves unavailable)
MR       +....     Rnd*Tele +   (boots unavailable)
Stlth    +.........             (no amulet)
HPRegen  0.16/turn              e - ring of teleportation (curse)
MPRegen  0.09/turn              (no ring)

@: no status effects
A: unfitting armour, tough skin 1
a: no special abilities


You were on level 3 of the Dungeon.
You were near starving.

You visited 1 branch of the dungeon, and saw 3 of its levels.

You collected 71 gold pieces.

Inventory:

Hand Weapons
 a - a +0 mace
 m - a cursed -1 quarterstaff (weapon)
Missiles
 c - 5 large rocks (quivered)
 d - 2 throwing nets
Armour
 b - a +2 robe of magic resistance (worn)
Jewellery
 e - a cursed ring of teleportation (left hand)
Potions
 h - a potion of flight
 j - a potion of cancellation
Comestibles
 f - 3 bread rations
 i - 2 royal jellies


   Skills:
 + Level 4.7 Fighting
 + Level 2.6 Maces & Flails
 - Level 4.0 Throwing
 - Level 1.7 Dodging
 - Level 0.6 Stealth


You had 3 spell levels left.
You didn't know any spells.

Dungeon Overview and Level Annotations

Branches:
Dungeon (3/15)

Altars:
Nemelex Xobeh
Uskayaw


Innate Abilities, Weirdness & Mutations

You are too large for most types of armour.
You have tough skin. (AC +1)


Message History

You barely miss the orc.
The orc is moderately wounded.
The bat hits you.
* * * LOW HITPOINT WARNING * * *
The kobold hits you with a short sword.
* * * LOW HITPOINT WARNING * * *
The orc hits you but does no damage. x2
Okay, then.
You closely miss the orc.
The orc is moderately wounded.
The bat closely misses you. The kobold misses you.
The orc completely misses you. The orc hits you but does no damage.
The kobold hits you with a short sword.
* * * LOW HITPOINT WARNING * * *
You hit the orc but do no damage.
The orc is moderately wounded.
The bat hits you but does no damage. The orc hits you.
* * * LOW HITPOINT WARNING * * *
The kobold hits you with a short sword.
You die...

#.#.# #.#.#
....... #.#.#
....... ..#.#
....... .
###.# .......
. #.# .......
. #.# .......
.
#.####.......
.
#.##.@ob.....
#.##(Ko......
#.##.........
#.##.........
#.##........%
#............
####.........
#.........
...####.##


You could see 2 orcs, a bat and a kobold.

Vanquished Creatures
  An orc priest (D:3)
  An adder (D:3)
  3 worms (D:2)
  A leopard gecko (D:1)
  3 bats
  2 giant cockroaches
  4 hobgoblins
  5 jackals (D:2)
  3 quokkas (D:2)
  7 frilled lizards
  8 goblins
  6 kobolds
  9 rats
53 creatures vanquished.

Notes
Turn   | Place    | Note
-------+----------+-------------------------------------------
     0 | D:1      | Ijustatesigmund the Ogre Hunter began the quest for the Orb.
     0 | D:1      | Reached XP level 1. HP: 22/22 MP: 1/1
   394 | D:1      | Reached skill level 1 in Maces & Flails
   394 | D:1      | Reached XP level 2. HP: 27/31 MP: 2/2
   937 | D:2      | Reached XP level 3. HP: 26/39 MP: 3/3
  1501 | D:2      | Found a hide-covered altar of Uskayaw.
  1617 | D:2      | Found a sparkling altar of Nemelex Xobeh.
  2064 | D:2      | Reached XP level 4. HP: 48/48 MP: 4/4
  2629 | D:3      | HP: 2/49 [orc (1)]
  2629 | D:3      | Slain by a kobold

Vault maps used:
D:1:      kennysheep_arrival_forest
D:2:      lemuel_doored_altar, eat_drink_and_be_merry_uskayaw,
          minmay_tetromino_l2

Skill      XL: |  1  2  3 |
---------------+----------+-----
Fighting       | 3 4 |  4.7
Maces & Flails | 1 2 |  2.6
Throwing       | |  4.0
Dodging        | |  1.7
Stealth        | |  0.6

Action                   |  1- 3 |  4- 6 || total
-------------------------+-------+-------++-------
Melee: Club              |    93 |       ||    93
       Short sword       |     3 |       ||     3
       Mace              |    86 |    16 ||   102
       Quarterstaff      |       |    16 ||    16
Throw: Large rock        |     1 |       ||     1
  Use: Scroll            |     5 |     2 ||     7
       Potion            |       |     1 ||     1
 Stab: Sleeping          |     3 |       ||     3
  Eat: Chunk             |     4 |       ||     4
Armor: Robe              |    67 |    26 ||    93
Dodge: Dodged            |   124 |    35 ||   159
